 Dungeon Crawl Stone Soup version 0.28-a0-664-gc179e30c89 (webtiles) character file.

Game seed: 17787664099094486950

83 Drevant2 the Firebug (level 4, 0/24 HPs)
             Began as a Deep Elf Fire Elementalist on Oct 15, 2021.
             Slain by an adder (3 damage)
             ... on level 3 of the Dungeon.
             The game lasted 00:07:42 (3804 turns).

Drevant2 the Firebug (Deep Elf Fire Elementalist)   Turns: 3804, Time: 00:07:43

Health: 0/24       AC:  2    Str:  5    XL:     4   Next: 22%
Magic:  10/10      EV: 12    Int: 21    God:
Gold:   86         SH:  0    Dex: 15    Spells: 1/9 levels left

rFire   . . .      SeeInvis .   g - +1 dagger (speed)
rCold   . . .      Faith    .   (no shield)
rNeg    . . .      Spirit   .   a - +0 robe
rPois   .          Reflect  .   (no helmet)
rElec   .          Harm     .   (no cloak)
rCorr   .          Rampage  .   (no gloves)
Will    .....                   (no boots)
Stlth   ++........              (no amulet)
HPRegen 0.08/turn               (no ring)
MPRegen 0.12/turn               (no ring)

@: no status effects
A: no striking features
a: no special abilities


You were on level 3 of the Dungeon.
You visited 1 branch of the dungeon, and saw 3 of its levels.

You collected 86 gold pieces.

Inventory:

Hand Weapons
 c - a +0 dagger
 d - a +0 short sword
 g - a +1 dagger of speed (weapon)
Armour
 a - a +0 robe (worn)
Jewellery
 f - an amulet of guardian spirit
Scrolls
 b - a scroll of enchant armour {unknown}
 e - a scroll of fear {unknown}


   Skills:
 - Level 2.4 Dodging
 - Level 2.4 Stealth
 - Level 3.0 Spellcasting
 - Level 1.1 Conjurations
 + Level 5.6 Fire Magic


You had one spell level left.
You knew the following spells:

 Your Spells              Type           Power      Damage    Failure   Level
a - Foxfire               Conj/Fire      68%        2x1d7     3%          1
b - Conjure Flame         Conj/Fire      17%        6-21      10%         3
c - Flame Wave            Conj/Fire      17%        3d5       32%         4

Your spell library contained the following spells:

 Spells                   Type           Power      Damage    Failure   Level
 Scorch                   Fire           52%        2d7       1%          2
 Inner Flame              Hex/Fire       15%        N/A       13%         3


Dungeon Overview and Level Annotations

Branches:
Dungeon (3/15)

Altars:


Message History

You puncture the goblin!
You kill the goblin!
You start resting.
You feel less attractive to monsters.
You start resting.
A mummy is nearby!
A mummy is nearby!
An orc comes into view. It is wielding a +0 hand axe.
An adder comes into view.
The adder bites you.
You aren't carrying any potions.
Unknown command.
You aren't carrying any potions.
Okay, then.
Casting: Foxfire (safe; 3% risk of failure)
Confirm with . or Enter, or press ? or * to list all spells.
The spell is quite dangerous to cast (10% risk of failure)!
Continue anyway?
Okay, then.
Casting: Conjure Flame (quite dangerous; 10% risk of failure)
Confirm with . or Enter, or press ? or * to list all spells.
You conjure some foxfire!
The adder bites you but does no damage. The adder closely misses you.
Your foxfire dissipates!
The adder closely misses you. The adder barely misses you. The adder bites you.
* * * LOW HITPOINT WARNING * * *
You are poisoned.
The adder poisons you!
You feel sick.
You feel sick.
You feel sick.
You feel sick. The adder bites you.
* * * LOW HITPOINT WARNING * * *
You feel sick.
You are no longer poisoned.
The adder bites you.
* * * LOW HITPOINT WARNING * * *
The adder bites you.
You die...

..# #....#.....
..############+######....
.........................
.........................
.).......................
################......##
#......#
################......#
...............S@.....#
#######################


You could see an adder.

Vanquished Creatures
  An adder (D:2)
  A worm (D:2)
  A dart slug (D:1)
  3 ball pythons
  10 bats
  4 endoplasms
  A giant cockroach (D:2)
  2 goblins
  9 hobgoblins
  9 jackals
  4 kobolds
  4 quokkas
  A frilled lizard (D:1)
  10 rats
60 creatures vanquished.

Vanquished Creatures (others)
  91 foxfires
91 creatures vanquished.

Grand Total: 151 creatures vanquished

Notes
Turn   | Place    | Note
-------+----------+-------------------------------------------
     0 | D:1      | Drevant2 the Deep Elf Fire Elementalist began the quest for
                  | the Orb.
     0 | D:1      | Reached XP level 1. HP: 10/10 MP: 6/6
   388 | D:1      | Reached XP level 2. HP: 11/15 MP: 6/8
   412 | D:1      | Reached skill level 4 in Fire Magic
  1205 | D:1      | Reached XP level 3. HP: 17/19 MP: 9/9
  1349 | D:1      | Learned a level 3 spell: Conjure Flame
  1927 | D:2      | Reached skill level 5 in Fire Magic
  2493 | D:2      | Found a faded altar of an unknown god.
  2521 | D:2      | Reached XP level 4. HP: 22/24 MP: 6/10
  2589 | D:2      | Learned a level 4 spell: Flame Wave
  3804 | D:3      | Slain by an adder

Illustrated notes

Levels and vault maps discovered:
D:1:      minmay_arrival_glassed_features, layout_basic, minmay_tall_x
D:2:      layout_basic, hellmonk_ecumenical_altar_crossroads,
          corexii_hall_statues_x
D:3:      layout_basic, chei_slow_surprise, serial_shops, nicolae_square_shop

Skill      XL: |  1  2  3 |
---------------+----------+-----
Fire Magic     | 4 5 |  5.6
Dodging        | |  2.4
Stealth        | |  2.4
Spellcasting   | |  3.0
Conjurations   | |  1.1

Action                   |  1- 3 |  4- 6 || total
-------------------------+-------+-------++-------
Melee: Short sword       |     1 |       ||     1
       Dagger            |    48 |    32 ||    80
 Cast: Foxfire           |    59 |    10 ||    69
  Use: Scroll            |       |     2 ||     2
       Potion            |       |     1 ||     1
 Stab: Sleeping          |     2 |     3 ||     5
Armor: Robe              |    21 |    12 ||    33
Dodge: Dodged            |    41 |    27 ||    68

Table legend: (Time is in decaauts)
 A = Elapsed time spent in this place.
 B = Non-inter-level travel time spent in this place.
 C = Inter-level travel time spent in this place.
 D = Time resting spent in this place.
 E = Time spent auto-exploring this place.
 F = Levels seen in this place.
 G = Mean time per level.
                   A        B        C        D        E       F      G
               +--------+--------+--------+--------+--------+-----+--------+
         Total |   3776 |   3457 |    319 |   1182 |   1618 |   3 | 1258.7 |
       Dungeon |   3776 |   3457 |    319 |   1182 |   1618 |   3 | 1258.7 |
               +--------+--------+--------+--------+--------+-----+--------+

Top non-repeatable levels by time:
     D:1: 1899 daAuts
     D:2: 1369 daAuts
     D:3: 507 daAuts
